 Dungeon Crawl Stone Soup version 0.30-a0-331-g8ab09dc110 (webtiles) character file.

Game seed: 2077529460897040705

1008 koil the Trooper (level 8, -1/76 (83) HPs)
             Began as an Ogre Cinder Acolyte on Oct 30, 2022.
             Was a High Priest of Ignis.
             Slain by a wight
             ... wielding a +0 falchion
              (4 damage)
             ... on level 6 of the Dungeon.
             The game lasted 00:21:58 (4623 turns).

koil the Trooper (Ogre Cinder Acolyte)              Turns: 4623, Time: 00:21:59

HP:   -1/76 (83)    AC:  7    Str: 19    XL:     8   Next: 20%
MP:   10/14         EV:  9    Int: 17    God:    Ignis [*****.]
Gold: 215           SH:  0    Dex:  4    Spells: 4/15 levels left

rFire   + . .      SeeInvis .    a - +3 hand axe
rCold   . . .      Faith    .    (no shield)
rNeg    . . .      Spirit   .    b - +0 robe
rPois   .          Reflect  .    (helmet restricted)
rElec   .          Harm     .    n - +1 cloak
rCorr   .          Rampage  .    (gloves unavailable)
Will    .....                    (boots unavailable)
Stlth   +.........               (no amulet)
HPRegen 0.32/turn                (no ring)
MPRegen 0.14/turn                (no ring)

@: drained
A: large, unfitting armour, tough skin 1, iridescent scales 1, wild magic 1
a: Renounce Religion, Fiery Armour, Foxfire Swarm, Rising Flame


You were on level 6 of the Dungeon.
You worshipped Ignis.
Ignis was extremely pleased with you.
You visited 2 branches of the dungeon, and saw 7 of its levels.

You collected 215 gold pieces.

Inventory:

Hand Weapons
 a - a +3 hand axe (weapon)
 f - a -1 hand axe of flaming
Missiles
 o - 3 curare-tipped darts (quivered)
 t - a throwing net
Armour
 b - a +0 robe (worn)
 n - a +1 cloak (worn)
Wands
 q - a wand of acid (2)
Scrolls
 i - a scroll of butterflies
 k - 3 scrolls of poison
 p - 2 scrolls of enchant armour
 u - 2 scrolls of teleportation
Potions
 g - 4 potions of curing
 h - a potion of magic
 j - a potion of attraction
 m - a potion of flight
 s - a potion of lignification
 v - a potion of invisibility
 x - a potion of cancellation


   Skills:
 + Level 6.2 Fighting
 + Level 4.7 Axes
 + Level 2.9 Dodging
 + Level 4.1 Spellcasting
 + Level 1.5 Conjurations
 - Level 1.5 Hexes
 * Level 5.1 Fire Magic


You had 4 spell levels left.
You knew the following spells:

 Your Spells              Type           Power      Damage    Failure   Level
a - Scorch                Fire           54%        2d8       5%          2
b - Slow                  Hex            44%        N/A       13%         1
c - Fireball              Conj/Fire      9%         3d6       80%         5
d - Ignite Poison         Fire/Tmut/Pois 12%        N/A       32%         3

Your spell library contained the following spells:

 Spells                   Type           Power      Damage    Failure   Level
 Foxfire                  Conj/Fire      76%        2x1d7     7%          1
 Sublimation of Blood     Necr           4%         N/A       32%         2
 Wereblood                Tmut           4%         N/A       32%         2
 Confusing Touch          Hex            11%        N/A       32%         3
 Kindle Blastsparks       Fire/Tloc/Air  24%        2d12      32%         3
 Portal Projectile        Hex/Tloc       16%        N/A       41%         3
 Stone Arrow              Conj/Erth      14%        3d7       43%         3
 Call Canine Familiar     Summ           4%         N/A       52%         3
 Frozen Ramparts          Ice            8%         1d2       52%         3
 Vampiric Draining        Necr           4%         2d6       52%         3
 Leda's Liquefaction      Hex/Erth       4%         N/A       80%         4
 Animate Armour           Summ/Erth      8%         N/A       88%         4
 Ice Form                 Ice/Tmut       4%         N/A       88%         4
 Summon Ice Beast         Ice/Summ       4%         N/A       88%         4
 Freezing Cloud           Conj/Ice/Air   3%         6-21      99%         5
 Starburst                Conj/Fire      9%         6d5       100%        6
 Summon Hydra             Summ           2%         N/A       100%        7
 Lehudib's Crystal Spear  Conj/Erth      3%         10d3      100%        8


Dungeon Overview and Level Annotations

Branches:
Dungeon (6/15)             Temple (1/1) D:5

Altars:
Ashenzari
Dithmenos
Elyvilon
Fedhas
Hepliaklqana
Makhleb
Qazlal
Ru
Sif Muna
Trog
Vehumet
Wu Jian
Yredelemnul

Shops:
D:2 (*((?

Annotations:
Temple 4 transporters


Innate Abilities, Weirdness & Mutations

You are too large for most types of armour.
You have tough skin. (AC +1)
You are partially covered in iridescent scales. (AC +2)
Your spells are a little harder to cast, but a little more powerful.


Message History

The orc warrior's fire resistance burns away.
Casting: Scorch (safe; 5% risk of failure)
Confirm with . or Enter, or press ? or * to list all spells.
Flames lash the orc warrior.
The orc warrior is burned terribly!
The orc warrior is moderately wounded.
A wight comes into view. It is wielding a +5 mace.
You closely miss the orc warrior.
The orc warrior is moderately wounded.
The orc warrior hits you with a +0 long sword.
You slash the orc warrior!
The orc warrior is heavily wounded.
A wight comes into view. It is wielding a +2 great sword.
The wight attacks as you move away! The wight hits you with a +5 mace!
A wight comes into view. It is wielding a +0 long sword.
The orc warrior hits you with a +0 long sword!
There is an open door, spattered with blood here.
The wight attacks as you move away! The wight hits you with a +5 mace!
You feel drained.
The orc warrior is no longer more vulnerable to fire.
A wight comes into view. It is wielding a +0 hand axe.
The wight hits you with a +5 mace.
You feel drained. The wight hits you with a +5 mace.
You feel drained. The wight attacks as you move away!
The wight hits you with a +5 mace.
A wight opens the door.
A wight comes into view. It is wielding a +0 falchion.
The orc hits you with a +0 club. The wight attacks as you move away!
The wight hits you with a +5 mace! The orc attacks as you move away!
The orc barely misses you. The wight attacks as you move away!
The wight hits you with a +5 mace!
* * * LOW HITPOINT WARNING * * *
You feel drained.
* * * LOW HITPOINT WARNING * * *
The wight barely misses you. The wight attacks as you move away!
The wight hits you with a +0 falchion!
* * * LOW HITPOINT WARNING * * *
The wight attacks as you move away! The wight hits you with a +5 mace!
* * * LOW HITPOINT WARNING * * *
There is an open door here.
The wight attacks as you move away! The wight hits you with a +0 falchion.
You die...

#....# #....# #....#
########....#
##..##.......#
#....#.......#
#..<.#zo.....#
#....@zo.....#
######..z....#########
...####z##..[.......
.........#..(.......
....)....'..........
.####.####..........
#.#.......####..
..#.......# .
#.......#


You could see an orc warrior, 4 wights and an orc.

Vanquished Creatures
  A centaur (D:5)
  4 phantoms (D:3)
  A necrophage (D:5)
  2 scorpions
  2 hounds
  3 orc priests (D:4)
  Natasha (thrice) (D:2)
  4 gnolls (D:5)
  8 adders
  3 worms
  5 dart slugs
  12 orcs
  4 ball pythons
  5 endoplasms
  2 giant cockroaches (D:2)
  10 goblins
  7 hobgoblins
  8 jackals
  2 quokkas
  A ball python zombie (D:3)
  7 bats
  4 frilled lizards
  A giant cockroach zombie (D:3)
  4 kobolds
  A quokka zombie (D:3)
  5 rats
109 creatures vanquished.

Vanquished Creatures (others)
  A plant (D:2)
1 creature vanquished.

Grand Total: 110 creatures vanquished

Notes
Turn   | Place    | Note
-------+----------+-------------------------------------------
     0 | D:1      | koil the Ogre Cinder Acolyte began the quest for the Orb.
     0 | D:1      | Reached XP level 1. HP: 24/24 MP: 2/2
   126 | D:1      | Reached XP level 2. HP: 20/32 MP: 2/4
   129 | D:1      | Learned a level 2 spell: Scorch
   573 | D:2      | Found Ypsyut Naoj's Magic Scroll Emporium.
   585 | D:2      | Reached XP level 3. HP: 29/40 MP: 5/5
   643 | D:2      | Found Suam's Antique Weapon Emporium.
   698 | D:2      | Found Toz Miocs's Weapon Shop.
   902 | D:2      | Reached XP level 4. HP: 48/49 MP: 7/7
  1033 | D:2      | Found Coisk's Antique Weapon Boutique.
  1151 | D:2      | Found Cinel's Assorted Antiques.
  1209 | D:2      | Noticed Natasha
  1216 | D:2      | Killed Natasha
  1217 | D:2      | Reached skill level 1 in Dodging
  1286 | D:2      | Noticed Natasha
  1299 | D:2      | Killed Natasha
  1300 | D:2      | Reached XP level 5. HP: 23/55 MP: 3/8
  1326 | D:2      | Noticed Natasha
  1335 | D:2      | Killed Natasha
  1336 | D:2      | Reached skill level 5 in Fighting
  1685 | D:3      | Learned a level 1 spell: Slow
  1867 | D:3      | Found a basalt altar of Yredelemnul.
  2323 | D:4      | Noticed a phantom
  2323 | D:4      | Noticed a phantom
  2326 | D:4      | Noticed a phantom
  2340 | D:3      | Killed a phantom
  2341 | D:3      | Reached XP level 6. HP: 48/66 MP: 5/10
  2457 | D:3      | Reached skill level 1 in Hexes
  2480 | D:3      | HP: 3/66 [phantom (4)]
  2481 | D:3      | HP: 1/66 [phantom (2)]
  2518 | D:3      | Reached XP level 7. HP: 16/72 MP: 3/12
  2773 | D:4      | Learned a level 5 spell: Fireball
  2911 | D:4      | Found a burning altar of Makhleb.
  2944 | D:4      | Found a blossoming altar of Fedhas.
  2999 | D:4      | Found a sacrificial altar of Ru.
  3244 | D:5      | Entered Level 5 of the Dungeon
  3430 | D:5      | Reached skill level 6 in Fighting
  3430 | D:5      | Reached skill level 1 in Conjurations
  3534 | D:5      | Found a staircase to the Ecumenical Temple.
  3871 | D:5      | Learned a level 3 spell: Ignite Poison
  3880 | D:5      | Reached XP level 8. HP: 44/83 MP: 10/13
  3898 | D:5      | Reached skill level 5 in Fire Magic
  4509 | Temple   | Entered the Ecumenical Temple
  4509 | Temple   | Found a transporter.
  4509 | Temple   | Found a transporter.
  4511 | Temple   | Found a transporter.
  4511 | Temple   | Found a transporter.
  4560 | Temple   | Gained mutation: You are partially covered in iridescent
                  | scales. (AC +2) [potion of mutation]
  4560 | Temple   | Gained mutation: Your spells are a little harder to cast,
                  | but a little more powerful. [potion of mutation]
  4593 | D:6      | Identified the +2 chain mail of Parsimonious Music {*Slow
                  | rElec Str+3}
  4622 | D:6      | HP: 2/76 [wight/+5 mace (8)]
  4623 | D:6      | Slain by a wight

Illustrated notes

Levels and vault maps discovered:
D:1:      dreamdust_arrival_sigmund_warning, layout_basic
D:2:      layout_rooms, serial_shops, shop, nicolae_shop_overgrown_old_shop,
          nicolae_shop_behind_doors,
          nicolae_shop_temple_entry_statues_fountains, shop, uniq_natasha
D:3:      layout_loops_ring, nicolae_yredelemnul_corpse_copse,
          amcnicky_mini_rare_corridor_liquid
D:4:      layout_rooms, nicolae_overflow_squiral, nicolae_ru_awakened_eye
D:5:      layout_cave_pools, minmay_temple_entry_ruins
D:6:      layout_gridville, mainiacjoe_overflow_brackets,
          mainiacjoe_overflow_small_starburst, st_stairs_1
Temple:   hellmonk_temple_divided_pantheon

Skill      XL: |  1  2  3  4  5  6  7  8 |
---------------+-------------------------+-----
Fire Magic     | 3 4 5 |  5.1
Spellcasting   | 2 3 4 |  4.1
Dodging        | 1 2 |  2.9
Fighting       | 5 6 |  6.2
Axes           | 4 |  4.7
Hexes          | 1 |  1.5
Conjurations   | 1 |  1.5

Action                   |  1- 3 |  4- 6 |  7- 9 || total
-------------------------+-------+-------+-------++-------
Melee: Hand axe          |    91 |   125 |    66 ||   282
       Punch             |       |     2 |       ||     2
 Cast: Scorch            |     3 |    20 |    28 ||    51
       Slow              |       |       |     4 ||     4
Invok: Fiery Armour      |       |     1 |     1 ||     2
  Use: Potion            |       |     3 |     4 ||     7
       Scroll            |       |       |    12 ||    12
Armor: Robe              |    52 |    59 |    28 ||   139
Dodge: Dodged            |    42 |    89 |    59 ||   190

Table legend: (Time is in decaauts)
 A = Elapsed time spent in this place.
 B = Non-inter-level travel time spent in this place.
 C = Inter-level travel time spent in this place.
 D = Time resting spent in this place.
 E = Time spent auto-exploring this place.
 F = Levels seen in this place.
 G = Mean time per level.
                   A        B        C        D        E       F      G
               +--------+--------+--------+--------+--------+-----+--------+
         Total |   4637 |   4443 |    194 |    412 |   3134 |   7 |  662.4 |
       Dungeon |   4582 |   4388 |    194 |    397 |   3134 |   6 |  763.7 |
        Temple |     54 |     54 |      0 |     15 |      0 |   1 |   54.0 |
               +--------+--------+--------+--------+--------+-----+--------+

Top non-repeatable levels by time:
     D:3: 1176 daAuts
     D:5: 1125 daAuts
     D:2: 963 daAuts
     D:4: 695 daAuts
     D:1: 577 daAuts
  Temple: 54 daAuts
     D:6: 43 daAuts
